 Dungeon Crawl Stone Soup version 0.29.1-13-g9f3cf754e1 (webtiles) character file.

Game seed: 15921888872966924096

2 Vulpanium the Chiller (level 1, 0/13 HPs)
             Began as a Human Ice Elementalist on Jan 21, 2023.
             Was a Follower of Uskayaw.
             Slain by a jackal (2 damage)
             ... on level 1 of the Dungeon.
             The game lasted 00:00:40 (193 turns).

Vulpanium the Chiller (Human Ice Elementalist)       Turns: 193, Time: 00:00:41

Health: 0/13       AC:  2    Str:  8    XL:     1   Next: 44%
Magic:  3/3        EV: 12    Int: 15    God:    Uskayaw [*.....]
Gold:   0          SH:  0    Dex: 13    Spells: 3/4 levels left

rFire   . . .      SeeInvis .   (no weapon)
rCold   . . .      Faith    .   (no shield)
rNeg    . . .      Spirit   .   a - +0 robe
rPois   .          Reflect  .   (no helmet)
rElec   .          Harm     .   (no cloak)
rCorr   .          Rampage  .   (no gloves)
Will    .....                   (no boots)
Stlth   ++........              (no amulet)
HPRegen 0.04/turn               (no ring)
MPRegen 0.08/turn               (no ring)

@: no status effects
A: no striking features
a: Renounce Religion, Stomp


You were on level 1 of the Dungeon.
You worshipped Uskayaw.
Uskayaw was noncommittal.
You visited 1 branch of the dungeon, and saw 1 of its levels.

Inventory:

Armour
 a - a +0 robe (worn)
Scrolls
 c - a scroll of teleportation {unknown}
 d - a scroll of poison {unknown}
Potions
 b - a potion of magic


   Skills:
 + Level 2.0 Dodging
 + Level 2.0 Stealth
 + Level 2.0 Spellcasting
 + Level 4.1 Ice Magic


You had 3 spell levels left.
You knew the following spells:

 Your Spells              Type           Power      Damage    Failure   Level
a - Freeze                Ice            52%        1d7       4%          1

Your spell library contained the following spells:

 Spells                   Type           Power      Damage    Failure   Level
 Frozen Ramparts          Ice            26%        1d4       12%         3
 Ozocubu's Armour         Ice            13%        N/A       12%         3
 Hailstorm                Conj/Ice       7%         3d4       67%         4


Dungeon Overview and Level Annotations

Branches:
Dungeon (1/15)

Altars:
Uskayaw


Message History

You hit the ball python but do no damage.
Your punch misses the ball python.
The ball python is severely wounded.
The ball python barely misses you. The ball python grabs you.
The ball python constricts you.
You hit the ball python.
You kill the ball python!
You start resting.
Magic restored.
You start resting.
HP restored.
There is a faded altar of an unknown god here.
You cannot tell which god this altar belongs to.
Convert to them anyway?
Uskayaw accepts your prayer! Uskayaw welcomes you!
You can now stomp with the beat.
Okay, then.
There is a hide-covered altar of Uskayaw here.
A jackal comes into view.
A jackal is nearby!
A jackal comes into view.
The jackal barks!
The jackal moves out of view.
A jackal comes into view.
A jackal comes into view.
The jackal barks! x2
You closely miss the jackal. The jackal barely misses you.
You completely miss the jackal. The jackal barely misses you.
You miss the jackal. You closely miss the jackal.
The jackal barely misses you. x2
The jackal bites you. The jackal closely misses you.
You hit the jackal but do no damage. The jackal bites you. x2
You hit the jackal but do no damage. The jackal barely misses you.
The jackal bites you. x2
The jackal bites you but does no damage.
You miss the jackal. The jackal misses you. The jackal closely misses you.
The jackal bites you.
* * * LOW HITPOINT WARNING * * *
The jackal closely misses you. The jackal bites you.
You die...

....................
#####.....###....##.
#.....# #....>.. ..
##†##### #.# #.#
########### #.#
###.#.hh......# #.#
......h@##.##.# #.#
.##.#..h....._####.#
#.....##..†......#
###......#..######
#.........#
.........##
###########


You could see 4 jackals.

Vanquished Creatures
  A hobgoblin (D:1)
  A ball python (D:1)
  A frilled lizard (D:1)
3 creatures vanquished.

Notes
Turn   | Place    | Note
-------+----------+-------------------------------------------
     0 | D:1      | Vulpanium the Human Ice Elementalist began the quest for
                  | the Orb.
     0 | D:1      | Reached XP level 1. HP: 13/13 MP: 3/3
    75 | D:1      | Found a faded altar of an unknown god.
   176 | D:1      | Prayed at the altar of an unknown god.
   176 | D:1      | Became a worshipper of Uskayaw the Reveller
   176 | D:1      | Reached * piety under Uskayaw
   193 | D:1      | Slain by a jackal

Illustrated notes

Levels and vault maps discovered:
D:1:      onia_arrival_pyramid, layout_loops_cross, basic_ecumenical_altar

Action                   || total
-------------------------++-------
Melee: Unarmed           ||    11
 Cast: Freeze            ||     5
Armor: Robe              ||     1
Dodge: Dodged            ||    17
